cohdb
Replays
Latest Replays
All Replays
Popular Replays
Top Player Replays
Match Explorer
How It Works
Community
CoH3 Stats
Reddit
Sign in to upload your games and track your stats! →
Sign in with Steam
Match 38824140
Unlisted
Match 38824140
Overview
Messages
Build Orders
End
Vickers Machine Gun Team
Construct Section Command Post
Vickers Machine Gun Team
Infantry Section
Infantry Section
Construct Platoon Command Post
CMP 15cwt Truck
Unlock M3 Stuart Light Tanks
M3 Stuart Light Tank
Infantry Section
M3 Stuart Light Tank
Selects Heavy Armor Battlegroup
Selects Rigorous Vehicle Training
M3 Stuart Light Tank
Selects Crusader AA Medium Tank
M3 Stuart Light Tank
Crusader AA Medium Tank
M3 Stuart Light Tank
M3 Stuart Light Tank
Selects UNKNOWN (2162094)
Selects Churchill Black Prince Heavy Tank
Crusader AA Medium Tank
M3 Stuart Light Tank
Crusader AA Medium Tank
Selects Light Vehicle Withdraw and Refit
Selects Forward Repair Assembly
Selects Recon Artillery
Recon Artillery
XuZhongwei
梦离葵
Nameless_422
www.361389147
CPU - 专家
CPU - 专家
CPU - 专家
CPU - 专家
0
0
Comments
sign in to comment!
No comments posted yet!